 Dungeon Crawl Stone Soup version 0.24.1-4-ge52af88ad5 (webtiles) character file.

Game seed: 14743871669051073535, levelgen mode: deterministic

144 MajorAdolf the Stinger (level 5, -8/45 HPs)
             Began as a Naga Wanderer on Apr 12, 2020.
             Mangled by an orc warrior
             ... wielding a +0 halberd
              (10 damage)
             ... on level 4 of the Dungeon.
             The game lasted 00:07:39 (3024 turns).

MajorAdolf the Stinger (Naga Wanderer)              Turns: 3024, Time: 00:07:40

Health: -8/45      AC: 10    Str: 16    XL:     5   Next: 27%
Magic:  5/5        EV: -1    Int: 11    God:
Gold:   137        SH:  0    Dex: 11    Spells: 3/4 levels left

rFire    . . .     SeeInvis +   a - +2 hand axe
rCold    . . .     Gourm    .   (no shield)
rNeg     . . .     Faith    .   i - +0 crystal plate armour
rPois    +         Spirit   .   (no helmet)
rElec    .         Reflect  .   (no cloak)
rCorr    .         Harm     .   g - +0 pair of gloves
MR       .....                  (no barding)
Stlth    ..........             (no amulet)
HPRegen  0.15/turn              (no ring)
MPRegen  0.09/turn              (no ring)

@: very slow
A: large, see invisible, deformed body, poison resistance, slowness 2, slow
metabolism 1, spit poison 1, AC +1
a: Spit Poison


You were on level 4 of the Dungeon.
You were not hungry.

You visited 1 branch of the dungeon, and saw 4 of its levels.

You collected 137 gold pieces.

Inventory:

Hand Weapons
 a - a +2 hand axe (weapon)
 e - a +0 dagger
 q - a +2 flail of protection
Armour
 d - a +0 robe
 g - a +0 pair of gloves (worn)
 i - a +0 crystal plate armour (worn)
 r - a +0 scale mail
Jewellery
 n - a +2 ring of intelligence {unknown}
Scrolls
 b - a scroll of fog {unknown}
 c - 3 scrolls of teleportation
 j - a scroll of amnesia {unknown}
 k - 3 scrolls of identify {unknown}
 m - 3 scrolls of remove curse {unknown}
 s - 2 scrolls of enchant weapon {unknown}
Potions
 h - a potion of curing {unknown}
 l - 2 potions of agility {unknown}
 o - a potion of berserk rage {unknown}
 p - 2 potions of heal wounds {unknown}
Comestibles
 f - 5 rations


   Skills:
 - Level 2.0 Fighting
 + Level 4.5 Axes
 + Level 1.3 Armour
 - Level 3.0 Stealth
   Level 1.0 Necromancy
 - Level 5.3 Poison Magic


You had 3 spell levels left.
You knew the following spells:

 Your Spells              Type           Power        Failure   Level  Hunger
a - Sting                 Conj/Pois      #...         100%        1    ##.....

Your spell library contained the following spells:

 Spells                   Type           Power        Failure   Level  Hunger
 Mephitic Cloud           Conj/Pois/Air  #.......     100%        3    ####...


Dungeon Overview and Level Annotations

Branches:
Dungeon (4/15)
 Temple: D:4-7

Altars:


Innate Abilities, Weirdness & Mutations

You cannot wear boots.
Your serpentine skin is tough. (AC +1)
You have supernaturally acute eyesight. (SInv)
Armour fits poorly on your strangely shaped body.
Your system is resistant to poisons. (rPois)
You cover ground very slowly.
You have a slow metabolism.
You can spit poison.


Message History

The orc warrior hits you from afar with a +0 halberd!
Press: ? - help, Shift-Dir - straight line, f - orc warrior
Aim: an orc warrior, wielding a +0 halberd and wearing a +0 chain mail The splash of poison misses the orc warrior.
You feel slightly more hungry.
The orc warrior hits you from afar with a +0 halberd!
Okay, then.
You aren't carrying any items that you can evoke.
Unknown command.
You have got your breath back.
The orc warrior hits you from afar with a +0 halberd.
The orc warrior hits you from afar with a +0 halberd!
* * * LOW HITPOINT WARNING * * *
The orc warrior hits you from afar with a +0 halberd.
* * * LOW HITPOINT WARNING * * *
The orc warrior hits you from afar with a +0 halberd!
* * * LOW HITPOINT WARNING * * *
There is a stone staircase leading up here.
The orc warrior hits you from afar with a +0 halberd!
You die...

.. ..#####
###.#...#
.....#.#
#.#...####
..####........#
........@.....#
#####..#.##..#
# #..#o.#..#
.... #..##.#..#
.... #........#
.....#..o....##
.....#.......#
.............#
#.###.......#


You could see an orc warrior.

Vanquished Creatures
  5 adders
  2 gnolls (D:2)
  An ooze (D:1)
  A dart slug (D:3)
  A leopard gecko (D:1)
  8 orcs
  A giant cockroach (D:3)
  5 goblins
  12 hobgoblins
  2 jackals (D:1)
  8 kobolds
  2 quokkas (D:2)
  2 ball pythons
  7 bats
  3 frilled lizards
  A leopard gecko skeleton (D:3)
  2 rats (D:1)
63 creatures vanquished.

Notes
Turn   | Place    | Note
-------+----------+-------------------------------------------
     0 | D:1      | MajorAdolf the Naga Wanderer began the quest for the Orb.
     0 | D:1      | MajorAdolf set off with the following items: a +2 hand axe,
                  | a scroll of teleportation, a +0 robe, a +0 dagger, a
                  | ration; and the following spell memorised: Sting; and the
                  | following spells available to memorise: Mephitic Cloud
     0 | D:1      | Reached XP level 1. HP: 19/19 MP: 1/1
   152 | D:1      | Reached XP level 2. HP: 18/26 MP: 2/2
   609 | D:1      | Reached XP level 3. HP: 28/32 MP: 3/3
  1191 | D:2      | Reached XP level 4. HP: 33/39 MP: 4/4
  2330 | D:3      | Reached skill level 1 in Armour
  2543 | D:3      | Reached XP level 5. HP: 45/45 MP: 5/5
  3011 | D:4      | Noticed an orc warrior
  3022 | D:4      | HP: 2/45 [orc warrior/+0 halberd (8)]
  3024 | D:4      | Mangled by an orc warrior

Levels and vault maps discovered:
D:1:      lightli_arrival_boilingwater, layout_loops_ring,
          minmay_small_reverse_x
D:2:      cheibrodos_helix_gallery, layout_loops_ring
D:3:      layout_loops_corners, first_ration
D:4:      layout_loops_cross

Skill      XL: |  1  2  3  4 |
---------------+-------------+-----
Axes           | 2 3 4 |  4.5
Armour         | 1 |  1.3
Fighting       | |  2.0
Stealth        | |  3.0
Necromancy     | |  1.0
Poison Magic   | |  5.3

Action                   |  1- 3 |  4- 6 || total
-------------------------+-------+-------++-------
Melee: Hand axe          |    58 |   136 ||   194
 Abil: Spit Poison       |    11 |    10 ||    21
 Stab: Sleeping          |     1 |       ||     1
  Eat: Chunk             |     1 |     2 ||     3
       Ration            |       |     1 ||     1
Armor: Robe              |     8 |       ||     8
       Crystal plate arm |    46 |   142 ||   188
Dodge: Dodged            |    10 |     8 ||    18
